 Dungeon Crawl Stone Soup version 0.17.0-73-gb648821 (webtiles) character file.

314168 homeworkjunkie the Executioner (level 21, -4/198 HPs)
             Began as a Hill Orc Fighter on Dec 10, 2015.
             Was the Champion of Okawaru.
             Killed by the air
             ... invoked by a titan
              (14 damage)
             ... on level 5 of the Vaults on Dec 11, 2015.
             The game lasted 02:03:08 (39300 turns).

homeworkjunkie the Executioner (Hill Orc Fighter)  Turns: 39300, Time: 02:03:09

Health: -4/198     AC: 44    Str: 36    XL:     21   Next: 71%
Magic:  30/30      EV: 14    Int:  4    God:    Okawaru [******]
Gold:   3867       SH: 16    Dex: 15    Spells: 0 memorised, 22 levels left

rFire  . . .     SeeInvis .     p - +9 war axe (flame)
rCold  . . .     Clarity  .     Z - +5 crystal plate armour of the City {Regen+ rCorr Str+3}
rNeg   + + .     SustAt   .     l - +0 shield {reflect}
rPois  .         Gourm    .     r - +0 helmet of Trog's Approval {+Fly rN+ MR+++ Int-4}
rElec  +         Spirit   .     i - +2 cloak
rCorr  +         Warding  +     t - +2 pair of gloves
rMut   .         Stasis   .     j - +2 pair of boots
MR     ++++.                    w - amulet of Qoeb {Ward rElec rN+}
Stlth  ..........               V - +4 ring of protection
                                Y - +4 ring of strength

@: agile, about to teleport, drained, incredibly resistant to hostile
enchantments, extremely unstealthy
A: no striking features
a: Heroism, Finesse, Renounce Religion, Evoke Flight
}: 1/15 runes: gossamer


You were on level 5 of the Vaults.
You worshipped Okawaru.
Okawaru was exalted by your worship.
You were full.

You visited 5 branches of the dungeon, and saw 36 of its levels.

You collected 4948 gold pieces.
You spent 1081 gold pieces at shops.

Inventory:

Hand Weapons
 p - a +9 war axe of flaming (weapon)
 E - a +5 war axe of freezing
Armour
 i - a +2 cloak (worn)
 j - a +2 pair of boots (worn)
 l - a +0 shield of reflection (worn)
 r - the +0 helmet of Trog's Approval (worn) {+Fly rN+ MR+++ Int-4}
   (You bought it in a shop on level 4 of the Orcish Mines)

   It affects your intelligence (-4).
   It protects you from negative energy.
   It affects your resistance to hostile enchantments.
   It lets you fly.
 t - a +2 pair of gloves (worn)
 Z - the +5 crystal plate armour of the City (worn) {Regen+ rCorr Str+3}
   (Okawaru gifted it to you on level 5 of the Lair of Beasts)

   It affects your strength (+3).
   It increases your rate of regeneration.
   It protects you from acid and corrosion.
Jewellery
 w - the amulet of Qoeb (around neck) {Ward rElec rN+}
   (You bought it in a shop on level 4 of the Orcish Mines)

   [amulet of warding]

   It may prevent the melee attacks of summoned creatures.
   It insulates you from electricity.
   It protects you from negative energy.
 y - an uncursed ring of see invisible
 V - a +4 ring of protection (right hand)
 Y - a +4 ring of strength (left hand)
Wands
 h - a wand of draining (3)
 o - a wand of teleportation (6)
 u - a wand of hasting (4)
 x - a wand of disintegration (3)
 C - a wand of fire (6)
 D - a wand of heal wounds (0)
 G - a wand of disintegration (6)
 H - a wand of paralysis (0)
 M - a wand of lightning (0)
 N - a wand of digging (18)
Scrolls
 b - 3 scrolls of immolation
 c - a scroll of holy word
 v - 3 scrolls of teleportation
 B - a scroll of brand weapon
 S - 2 scrolls of fear
 T - 7 scrolls of fog
Potions
 g - 3 potions of mutation
 k - 3 potions of cancellation
 m - 2 potions of flight
 n - 3 potions of lignification
 q - 5 potions of brilliance
 s - a potion of cure mutation
 F - 2 potions of haste
 P - 2 potions of magic
Comestibles
 a - 18 royal jellies
 e - 8 bread rations
 f - 5 meat rations


   Skills:
 * Level 19.0(18.4) Fighting
 * Level 24.4(23.7) Axes
 + Level 2.4(1.9) Throwing
 * Level 15.0(14.4) Armour
 + Level 3.8(3.4) Dodging
 * Level 11.9(11.4) Stealth
 * Level 16.8(16.2) Shields
 + Level 1.5(1.1) Unarmed Combat
 + Level 1.0(0.6) Spellcasting
 + Level 2.3(1.9) Invocations
 * Level 12.3(11.7) Evocations


You had 22 spell levels left.
You didn't know any spells.

Dungeon Overview and Level Annotations

Branches:
Dungeon (15/15)            Temple (0/1) D:7            Lair (8/8) D:10
  Swamp (0/4) Lair:4       Spider (4/4) Lair:6        Slime (0/6) Lair:6
    Orc (4/4) D:9             Elf (0/3) Orc:3        Vaults (5/5) D:14
  Crypt (0/3) Vaults:3     Depths (0/5) D:15

Altars:
Cheibriados
Dithmenos
Elyvilon
Kikubaaqudgha
Makhleb
Nemelex Xobeh
Okawaru
Qazlal
Vehumet
Xom
Beogh

Shops:
D:8 (   Orc:4 =}=[   Vaults:4 [


Message History

Drink which item? (? for menu, Esc to quit)
You feel agile all of a sudden. You block the vault sentinel's attack.
The ettin hits you with a dire flail!
* * * LOW HITPOINT WARNING * * *
You block the ettin's attack. You block the shadow dragon's attack.
The shadow dragon claws you but does no damage. x2
The vault warden hits you with a mace of draining!!
* * * LOW HITPOINT WARNING * * *
You partially resist.
You feel drained.
* * * LOW HITPOINT WARNING * * *
Read which item? (? for menu, Esc to quit)
As you read the scroll of teleportation, it crumbles to dust.
You feel strangely unstable. The titan hits you.
* * * LOW HITPOINT WARNING * * *
You block the vault sentinel's attack. The shadow dragon barely misses you.
The shadow dragon closely misses you. The shadow dragon barely misses you.
You block the ettin's attack. The ettin hits you but does no damage.
The titan waves its arms in wide circles.
The air twists around and strikes you!
You die...

,,,,,,,,***,,,*,,,,*,,,*,,,*,,,*,
,,,,,,,'*,,,,,#....#*,*,*,*,*,*,*
,,,,,,*'..%...#....#*#...#.,,*,,,
,,,,***.......#....#*.#.#.#,*,*,*
,,,**,,....C..#....#,..#..,*,,,*,
*,**,,,...(...#....##.#.#,*,*,*,*
***,,,,,,....t#....#.#...*,,,*,,,
,',,,,,,,......p......#,***,***,*
#############.cp@C...#########***
............[.[CD<$...........,,,
....).........)<[(<...........,,,
.............?([<<)..(........,,,
..............[[..()([.[......,,,
#############......($#########***
,,,,,,,,,,,........((?(.......,,,
,,,,,,,,,,..(.#....#(###......,,,
****,,****#...#....#.#,**####.,,,


You could see a shadow dragon, 2 titans, a vault warden, an ettin, a fire crab,
a vault sentinel and a yaktaur.

Vanquished Creatures
  Boris (Vaults:4)
  Nikola (Spider:3)
  A golden dragon (Vaults:5)
  Xtahua (Vaults:3)
  Arachne (Spider:3)
  Rupert (D:12)
  2 tentacled monstrosities (Vaults:5)
  2 quicksilver dragons (Vaults:5)
  A sphinx (Vaults:1)
  A titan (Vaults:5)
  An ancient champion (Vaults:3)
  Gastronok (Lair:3)
  A tengu reaver (Vaults:3)
  2 shadow dragons (Vaults:5)
  4 frost giants
  Maud (D:12)
  An orc warlord (Orc:3)
  7 emperor scorpions
  6 ghost moths
  Aizul (Spider:2)
  Louise (Spider:3)
  A deep elf sorcerer (Vaults:5)
  A curse skull (Vaults:3)
  17 vault wardens
  12 ironheart preservers
  7 stone giants
  5 very ugly things
  A deep elf demonologist (Vaults:5)
  Azrael (D:13)
  2 salamander stormcallers
  2 ettins
  Snorg (D:14)
  35 vault guards
  3 ice dragons
  9 yaktaur captains
  A fire dragon (D:15)
  A rakshasa (Vaults:2)
  Erolcha (D:12)
  3 great orbs of eyes
  The ghost of asdu the Fencer, a journeyman TeBe of Trog (Lair:6)
  2 entropy weavers
  5 hydras
  A catoblepas (D:15)
  4 centaur warriors
  A tengu warrior (D:11)
  16 death yaks
  A deep troll earth mage (Vaults:2)
  9 ogre magi
  Urug (D:12)
  A deep troll shaman (Vaults:4)
  Sonja (D:14)
  3 deep elf knights
  A fire crab (Vaults:2)
  6 unseen horrors
  12 skeletal warriors
  The ghost of tof the Shield-Bearer, a novice HuBe of Trog (D:8)
  9 ironbrand convokers
  A giant orange brain (Vaults:4)
  9 deep trolls
  2 phantasmal warriors
  5 orc sorcerers
  7 hill giants
  3 harpies (Vaults:2)
  26 orb spiders
  13 orc knights
  A deep elf conjurer (Vaults:5)
  5 cyclopes
  22 ugly things
  31 wolf spiders
  A wolf spider zombie (D:14)
  7 griffons
  A fire giant zombie (Vaults:4)
  2 salamanders (shapeshifter) (Vaults:2)
  5 hornets
  3 necromancers
  A manticore (D:15)
  A guardian serpent (shapeshifter) (Vaults:2)
  18 elephants
  A stone giant skeleton (Vaults:4)
  A moth of wrath (Spider:3)
  2 black mambas
  13 vault sentinels
  Psyche (D:12)
  3 torpor snails
  17 spiny frogs
  A redback zombie (D:15)
  A spiny frog (shapeshifter) (Vaults:4)
  A yaktaur zombie (Vaults:2)
  9 demonic crawlers
  4 fire drakes
  4 komodo dragons
  A jumping spider (shapeshifter) (Vaults:4)
  23 two-headed ogres
  A deep elf priest (Vaults:5)
  4 freezing wraiths
  A queen bee (Orc:2)
  3 polar bears
  A sphinx simulacrum (Vaults:2)
  34 yaktaurs
  2 tengu conjurers
  27 jumping spiders
  12 trolls
  33 blink frogs
  A giant leech (shapeshifter) (Vaults:4)
  2 giant leeches (Lair:8)
  A harpy skeleton (D:15)
  A frost giant simulacrum (Vaults:2)
  A blink frog (shapeshifter) (D:13)
  A raiju (shapeshifter) (Vaults:5)
  33 trapdoor spiders
  9 boulder beetles
  17 slime creatures
  A stone giant simulacrum (Vaults:4)
  3 shadows
  A redback (shapeshifter) (Vaults:5)
  3 deep elf magi
  31 tarantellas
  3 fire elementals (D:13)
  12 wolves
  38 redbacks
  7 wraiths
  26 vampire mosquitoes
  50 yaks
  9 hippogriffs
  4 deep elf fighters
  Menkaure (D:7)
  A human simulacrum (Vaults:1)
  A hungry ghost (D:8)
  16 water moccasins
  A hog (shapeshifter) (Vaults:1)
  5 wargs
  2 mottled dragons
  22 spiders
  6 porcupines
  2 hell hounds (D:13)
  48 orc warriors
  3 sky beasts
  A black bear (shapeshifter) (Vaults:3)
  An eye of draining (D:9)
  3 black bears
  51 ogres
  2 phantoms
  17 crocodiles
  12 centaurs
  9 boggarts
  2 big kobolds
  A brain worm (D:14)
  A big kobold (shapeshifter) (Vaults:4)
  24 giant frogs
  An ogre simulacrum (Vaults:1)
  A water moccasin skeleton (D:7)
  6 scorpions
  32 killer bees
  A troll skeleton (D:9)
  4 spriggan skeletons (D:9)
  6 crimson imps
  5 electric eels (Lair:8)
  A quasit (D:10)
  3 centaur zombies
  3 hounds
  9 wights
  17 jellies
  17 orc priests
  2 giant frog skeletons
  A giant frog zombie (D:13)
  Crazy Yiuf (D:2)
  3 centaur skeletons
  12 iguanas
  24 orc wizards
  22 sheep
  10 worker ants
  5 hell rats (Lair:6)
  A killer bee zombie (D:7)
  A hound skeleton (D:5)
  Robin (D:3)
  6 gnolls
  29 river rats
  12 adders
  3 shadow imps
  10 oozes
  An adder zombie (D:7)
  2 worms
  6 giant geckos
  211 orcs
  16 bats
  17 goblins
  11 hobgoblins
  9 jackals
  2 quokkas
  6 giant newts
  2 jackal zombies
  13 kobolds
  12 rats
  A crawling corpse (Vaults:5)
  2 fire vortices
  12 fungi
  10 plants
1648 creatures vanquished.

Vanquished Creatures (collateral kills)
  An emperor scorpion (Spider:4)
  A jumping spider (Spider:4)
  A giant frog (Lair:3)
3 creatures vanquished.

Vanquished Creatures (others)
  A shadow dragon (Vaults:5)
  Donald (Spider:3)
  2 stone giants (Vaults:5)
  Josephine (Lair:5)
  2 yaktaur captains
  An orb spider (Spider:3)
  A mana viper (shapeshifter) (Vaults:5)
  A komodo dragon (D:13)
  7 yaktaurs
  A deep elf mage (D:15)
  A hell hound (D:13)
  4 killer bees (D:13)
  A giant frog skeleton (D:13)
  3 orcs
  A fire vortex (Vaults:4)
  3 fungi
  34 plants
65 creatures vanquished.

Grand Total: 1716 creatures vanquished

Notes
Turn   | Place    | Note
--------------------------------------------------------------
     0 | D:1      | homeworkjunkie the Hill Orc Fighter began the quest for the Orb.
     0 | D:1      | Reached XP level 1. HP: 19/19 MP: 1/1
    45 | D:2      | Reached XP level 2. HP: 16/27 MP: 2/2
   108 | D:2      | Reached skill level 4 in Fighting
   299 | D:3      | Noticed Robin
   304 | D:3      | Reached XP level 3. HP: 31/33 MP: 3/3
   312 | D:3      | Killed Robin
   336 | D:3      | Found a shadowy altar of Dithmenos.
   707 | D:1      | Reached XP level 4. HP: 41/41 MP: 4/4
  1192 | D:2      | Noticed Crazy Yiuf
  1203 | D:2      | Killed Crazy Yiuf
  1511 | D:2      | Reached XP level 5. HP: 47/47 MP: 5/5
  1632 | D:3      | Gained mutation: You are robust (+10% HP). [potion of mutation]
  1632 | D:3      | Gained mutation: You possess an exceptional clarity of mind. [potion of mutation]
  1654 | D:3      | Reached skill level 1 in Stealth
  1657 | D:3      | HP: 2/51 [gnoll/spear (3)]
  2183 | D:3      | Reached skill level 1 in Dodging
  2370 | D:3      | Found a shimmering altar of Xom.
  2378 | D:3      | Found a shadowy altar of Dithmenos.
  2393 | D:3      | Found an iron altar of Okawaru.
  2397 | D:3      | Became a worshipper of Warmaster Okawaru
  2416 | D:3      | Found a sparkling altar of Nemelex Xobeh.
  2684 | D:5      | Entered Level 5 of the Dungeon
  2720 | D:4      | Reached XP level 6. HP: 57/60 MP: 6/6
  2945 | D:4      | Noticed an ogre
  2952 | D:4      | Reached skill level 5 in Fighting
  2959 | D:4      | Killed an ogre
  3350 | D:4      | Reached XP level 7. HP: 67/67 MP: 7/7
  3358 | D:4      | Reached skill level 5 in Axes
  3661 | D:5      | Reached skill level 5 in Shields
  3881 | D:5      | Reached skill level 5 in Armour
  3892 | D:5      | Noticed a centaur
  3903 | D:5      | Killed a centaur
  4022 | D:6      | Reached * piety under Okawaru
  4448 | D:6      | Reached skill level 6 in Fighting
  4450 | D:6      | Reached XP level 8. HP: 68/77 MP: 8/8
  4626 | D:6      | Reached skill level 1 in Evocations
  4729 | D:8      | Noticed tof's ghost (novice HuBe)
  4987 | D:7      | Found a staircase to the Ecumenical Temple.
  5010 | D:7      | Reached ** piety under Okawaru
  5392 | D:7      | Noticed Menkaure
  5398 | D:7      | Killed Menkaure
  5406 | D:7      | Reached skill level 7 in Fighting
  5632 | D:7      | Reached XP level 9. HP: 84/86 MP: 10/10
  5706 | D:7      | Found an ancient bone altar of Kikubaaqudgha.
  5772 | D:8      | Killed tof's ghost
  5772 | D:8      | Reached *** piety under Okawaru
  5861 | D:9      | Got an encrusted leather armour
  5865 | D:8      | Identified the cursed +1 leather armour of Dyspraxia {*Corrode rC+ Int+3} (You found it on level 9 of the Dungeon)
  6156 | D:8      | Reached skill level 8 in Axes
  6171 | D:8      | Found Hoduodd's Weapon Boutique.
  6201 | D:8      | Found a burning altar of Makhleb.
  6201 | D:8      | Found a radiant altar of Vehumet.
  6428 | D:8      | Reached **** piety under Okawaru
  6636 | D:9      | Found a sparkling altar of Nemelex Xobeh.
  6758 | D:9      | Reached XP level 10. HP: 87/97 MP: 12/12
  6964 | D:9      | Found a staircase to the Orcish Mines.
  6969 | D:9      | Reached skill level 9 in Axes
  6985 | Orc:1    | Entered Level 1 of the Orcish Mines
  7245 | D:10     | Entered Level 10 of the Dungeon
  7245 | D:10     | Found a shimmering altar of Xom.
  7319 | D:9      | Reached skill level 1 in Throwing
  7473 | D:10     | Reached ***** piety under Okawaru
  7987 | D:10     | Noticed a hill giant
  7994 | D:10     | Killed a hill giant
  7994 | D:10     | Reached skill level 10 in Axes
  8000 | D:10     | Found a staircase to the Lair.
  8025 | D:10     | Noticed an unseen horror
  8029 | D:10     | Reached XP level 11. HP: 106/106 MP: 14/14
  8040 | D:10     | Killed an unseen horror
  8040 | D:10     | Received a gift from Okawaru
  8075 | Lair:1   | Entered Level 1 of the Lair of Beasts
  8249 | Lair:1   | Got a distressingly furry chain mail
  8260 | Lair:1   | Identified the +2 chain mail of Articulation {rC+ MP-9 Dex+2} (You found it on level 1 of the Lair of Beasts)
  8460 | Lair:2   | Reached skill level 11 in Axes
  8470 | Lair:2   | Reached skill level 10 in Fighting
  8474 | Lair:2   | Reached skill level 5 in Stealth
  8658 | Lair:2   | Received a gift from Okawaru
  8663 | Lair:2   | Reached ****** piety under Okawaru
  8670 | Lair:2   | Got a faintly glowing broad axe {god gift}
  8671 | Lair:2   | Identified the +2 broad axe "Ydiapp" {venom, rElec rC+ Dex-4} (Okawaru gifted it to you on level 2 of the Lair of Beasts)
  9773 | Lair:3   | Reached skill level 12 in Axes
  9855 | Lair:4   | Found a runed door.
  9899 | Lair:4   | Reached XP level 12. HP: 91/117 MP: 6/15
  9907 | Lair:4   | Received a gift from Okawaru
  9916 | Lair:4   | Reached skill level 5 in Evocations
  9921 | Lair:4   | Noticed an eight-headed hydra
  9935 | Lair:4   | Killed a one-headed hydra
 10413 | Lair:3   | Reached skill level 10 in Shields
 10525 | Lair:3   | Noticed Gastronok
 10543 | Lair:3   | Killed Gastronok
 10543 | Lair:3   | Reached skill level 13 in Axes
 10650 | Lair:3   | Reached skill level 10 in Armour
 10650 | Lair:3   | Reached skill level 1 in Unarmed Combat
 10650 | Lair:3   | Reached skill level 1 in Spellcasting
 10650 | Lair:3   | Reached XP level 13. HP: 127/127 MP: 8/17
 11207 | Lair:4   | Found a staircase to the Swamp.
 11691 | Lair:5   | Received a gift from Okawaru
 11691 | Lair:5   | Reached skill level 14 in Axes
 11862 | Lair:6   | Noticed asdu's ghost (journeyman TeBe)
 11877 | Lair:5   | Noticed Josephine
 11914 | Lair:5   | Reached XP level 14. HP: 116/137 MP: 9/18
 11962 | Lair:5   | Killed Josephine
 12294 | Lair:5   | Got a transparent crystal plate armour {god gift}
 12305 | Lair:5   | Identified the +5 crystal plate armour of the City {Regen+ rCorr Str+3} (Okawaru gifted it to you on level 5 of the Lair of Beasts)
 12764 | Lair:6   | Killed asdu's ghost
 12949 | Lair:6   | Found a hole to the Spider Nest.
 13467 | Lair:7   | Reached skill level 15 in Axes
 14005 | Lair:8   | Entered Level 8 of the Lair of Beasts
 14144 | Lair:7   | HP: 3/139 [boulder beetle (17)]
 14516 | Lair:7   | Received a gift from Okawaru
 14840 | Lair:7   | Reached skill level 16 in Axes
 14851 | Lair:8   | Reached XP level 15. HP: 138/149 MP: 20/20
 15289 | Lair:8   | Received a gift from Okawaru
 15815 | Lair:6   | Found a staircase to the Slime Pits.
 17540 | Orc:2    | Found a roughly hewn altar of Beogh.
 18479 | Orc:3    | Reached skill level 17 in Axes
 18495 | Orc:4    | Entered Level 4 of the Orcish Mines
 18811 | Orc:3    | Paralysed by an orc sorcerer for 5 turns
 19397 | Orc:3    | Found a staircase to the Elven Halls.
 19703 | Orc:4    | Found Esaa's Jewellery Boutique.
 19703 | Orc:4    | Found Kudali's Gadget Shoppe.
 19705 | Orc:4    | Found Meodairgh's Jewellery Emporium.
 19708 | Orc:4    | Found Riaf's Antique Armour Shop.
 19712 | Orc:4    | Bought the amulet of Qoeb {Ward rElec rN+} for 435 gold pieces
 19725 | Orc:4    | Bought a slimy helmet for 304 gold pieces
 19777 | Orc:4    | Identified the cursed +0 helmet of Trog's Approval {+Fly rN+ MR+++ Int-4} (You bought it in a shop on level 4 of the Orcish Mines)
 20256 | D:11     | Noticed a hill giant
 20260 | D:11     | Killed a hill giant
 20271 | D:11     | Killed an unseen horror
 20271 | D:11     | Received a gift from Okawaru
 20272 | D:11     | Got a scorched hat {god gift}
 20283 | D:11     | Identified the +2 hat of Tartarus {+Inv rN++ Str-2} (Okawaru gifted it to you on level 11 of the Dungeon)
 20384 | D:12     | Noticed Psyche
 20386 | D:12     | Killed Psyche
 20519 | D:11     | Noticed a tengu warrior
 20526 | D:11     | Killed a tengu warrior
 20823 | D:12     | Noticed a skeletal warrior
 20823 | D:12     | Noticed a skeletal warrior
 20824 | D:12     | Noticed a skeletal warrior
 20824 | D:12     | Noticed a skeletal warrior
 20834 | D:12     | Killed a skeletal warrior
 20834 | D:12     | Reached XP level 16. HP: 155/160 MP: 22/22
 20835 | D:12     | Killed a skeletal warrior
 20844 | D:12     | Killed a skeletal warrior
 20845 | D:12     | Noticed a skeletal warrior
 20854 | D:12     | Killed a skeletal warrior
 20865 | D:12     | Killed a skeletal warrior
 21002 | D:13     | Noticed Azrael
 21022 | D:13     | Killed Azrael
 21705 | D:12     | Noticed Rupert
 21719 | D:12     | Killed Rupert
 21838 | D:12     | Noticed Erolcha
 21847 | D:12     | Killed Erolcha
 21866 | D:12     | Noticed Urug
 21878 | D:12     | Killed Urug
 21928 | D:12     | Noticed Maud
 21937 | D:12     | Killed Maud
 22059 | D:13     | Reached skill level 18 in Axes
 22426 | D:14     | Found a stormy altar of Qazlal.
 22466 | D:14     | Received a gift from Okawaru
 22517 | D:15     | Entered Level 15 of the Dungeon
 22544 | D:14     | Found a gate to the Vaults.
 22637 | D:14     | Noticed Sonja
 22639 | D:14     | Found a white marble altar of Elyvilon.
 22650 | D:14     | Killed Sonja
 22739 | D:14     | Noticed Snorg
 22755 | D:14     | Killed Snorg
 23170 | D:15     | Reached skill level 15 in Fighting
 23325 | D:15     | Found a snail-covered altar of Cheibriados.
 23430 | D:15     | Found a staircase to the Depths.
 24111 | Spider:1 | Entered Level 1 of the Spider Nest
 24434 | Spider:1 | Received a gift from Okawaru
 24456 | Spider:1 | Reached XP level 17. HP: 154/171 MP: 23/23
 24756 | Spider:2 | Noticed Aizul
 24782 | Spider:2 | Killed Aizul
 25533 | Spider:2 | Reached skill level 19 in Axes
 25751 | Spider:2 | Identified a scroll of acquirement
 26760 | Spider:2 | Received a gift from Okawaru
 26760 | Spider:2 | Reached skill level 10 in Stealth
 26761 | Spider:2 | Got a pitted scale mail {god gift}
 26917 | Spider:2 | Identified the +2 scale mail of the Abyss {+Blink rN+++ MP-9 Stlth+} (Okawaru gifted it to you on level 2 of the Spider Nest)
 27679 | Spider:4 | Entered Level 4 of the Spider Nest
 28020 | Spider:3 | Noticed Donald
 28023 | Spider:3 | Noticed Nikola
 28027 | Spider:3 | Killed Donald
 28037 | Spider:3 | Killed Nikola
 28317 | Spider:3 | Noticed Arachne
 28335 | Spider:3 | Killed Arachne
 28792 | Spider:3 | Noticed Louise
 28807 | Spider:3 | Killed Louise
 28930 | Spider:3 | Reached skill level 10 in Evocations
 29399 | Spider:4 | Received a gift from Okawaru
 29402 | Spider:4 | Got a crude plate armour {god gift}
 29427 | Spider:4 | Reached XP level 18. HP: 120/182 MP: 25/25
 29756 | Spider:3 | Identified the +5 plate armour of Generosity {rElec rN+} (Okawaru gifted it to you on level 4 of the Spider Nest)
 30448 | Spider:4 | Reached skill level 20 in Axes
 31033 | Spider:4 | Reached skill level 15 in Shields
 31348 | Spider:4 | Got a gossamer rune of Zot
 31948 | Vaults:1 | Entered Level 1 of the Vaults
 32061 | Vaults:1 | Received a gift from Okawaru
 32302 | Vaults:1 | Gained mutation: You have a pair of small antennae on your head. [potion of beneficial mutation]
 32320 | Vaults:1 | Lost mutation: You are robust (+10% HP). [potion of cure mutation]
 32320 | Vaults:1 | Lost mutation: You have a pair of small antennae on your head. [potion of cure mutation]
 32320 | Vaults:1 | Lost mutation: You possess an exceptional clarity of mind. [potion of cure mutation]
 32404 | Vaults:1 | Received a gift from Okawaru
 33020 | Vaults:2 | Reached skill level 21 in Axes
 33026 | Vaults:2 | Reached XP level 19. HP: 167/174 MP: 27/27
 33300 | Vaults:2 | Received a gift from Okawaru
 34172 | Vaults:2 | Received a gift from Okawaru
 34305 | Vaults:2 | Reached skill level 22 in Axes
 34959 | Vaults:3 | Found a staircase to the Crypt.
 35047 | Vaults:3 | Received a gift from Okawaru
 35406 | Vaults:3 | Reached XP level 20. HP: 171/187 MP: 28/28
 35423 | Vaults:3 | Noticed Xtahua
 35455 | Vaults:3 | Killed Xtahua
 36094 | Vaults:3 | Got a transparent leather armour
 36105 | Vaults:3 | Identified the +1 leather armour "Yginwuum" {Regen+} (You found it on level 3 of the Vaults)
 36201 | Vaults:3 | Received a gift from Okawaru
 36759 | Vaults:5 | Entered Level 5 of the Vaults
 36766 | Vaults:5 | Received a gift from Okawaru
 36767 | Vaults:5 | Reached skill level 23 in Axes
 36767 | Vaults:5 | Received a gift from Okawaru
 36767 | Vaults:5 | Received a gift from Okawaru
 37097 | Vaults:5 | Noticed a golden dragon
 37116 | Vaults:5 | Killed a golden dragon
 37405 | Vaults:5 | Reached XP level 21. HP: 179/195 MP: 29/29
 37893 | Vaults:4 | Received a gift from Okawaru
 37961 | Vaults:4 | Reached skill level 24 in Axes
 38351 | Vaults:4 | Found Payfuju's Antique Armour Boutique.
 38354 | Vaults:4 | Bought a shimmering large shield for 342 gold pieces
 38400 | Vaults:4 | Noticed Boris
 38420 | Vaults:4 | Killed Boris
 38751 | Vaults:4 | Identified the +6 large shield of Untold Secrets {*Confuse rC++} (You bought it in a shop on level 4 of the Vaults)
 38969 | Vaults:4 | Reached skill level 15 in Armour
 39179 | Vaults:4 | Received a gift from Okawaru
 39300 | Vaults:5 | Killed from afar by a titan

Action                   |  1- 3 |  4- 6 |  7- 9 | 10-12 | 13-15 | 16-18 | 19-21 || total
-------------------------+-------+-------+-------+-------+-------+-------+-------++-------
Melee: War axe           |    87 |   221 |   248 |   490 |  1133 |  1483 |  1049 ||  4711
Throw: Tomahawk          |       |       |    13 |       |     4 |       |       ||    17
Invok: Finesse           |       |       |       |       |     1 |     2 |       ||     3
 Abil: Evoke Invisibilit |       |       |       |       |     2 |       |       ||     2
Evoke: Wand              |       |       |     7 |    18 |    16 |    35 |    11 ||    87
  Use: Scroll            |     2 |     8 |    11 |    11 |    22 |    16 |    13 ||    83
       Potion            |     1 |     3 |     1 |     5 |    12 |    11 |     3 ||    36
 Stab: Invisible         |       |       |       |       |    26 |    14 |       ||    40
       Confused          |       |       |       |       |     1 |       |       ||     1
       Held in net/web   |       |       |       |       |       |     2 |       ||     2
  Eat: Fruit             |       |     5 |       |    10 |     8 |       |       ||    23
       Bread ration      |       |     1 |     2 |       |     1 |     4 |     1 ||     9
       Meat ration       |       |     1 |     2 |       |     2 |     7 |     1 ||    13
       Royal jelly       |       |       |     1 |     1 |     4 |     1 |     1 ||     8
       Beef jerky        |       |       |     1 |       |     2 |     3 |     3 ||     9
       Pizza             |       |       |       |     2 |       |     1 |     2 ||     5
